[Event "*** Titled Tuesday Blitz"]
[Site "Chess.com"]
[Date "2020.11.24"]
[Round "5"]
[White "ExtremeLearner"]
[Black "Taktikmonster"]
[Result "1-0"]
[WhiteElo "2387"]
[BlackElo "2137"]
[TimeControl "180+1"]
[EndTime "11:12:48 PST"]
[Termination "ExtremeLearner won on time"]

1. d4 Nf6 2. Nf3 e6 3. g3 b6 4.
Bg2 Bb7 5. O-O Be7 6. c4 O-O 7. Nc3 d6 8. Qc2 Nbd7 9. b3 c5 10. e3 a6 11. Bb2 Qc7 12. Rac1 Rac8 13. Rfd1 Rfd8 14. d5 e5 15. Ng5 Nf8 16. h4 Rb8 17. Nce4 Bc8 18. Nxf6+ Bxf6 19. Be4 h6 20. Nh7 Nxh7 21. Bxh7+ Kh8 22. Bf5 g6 23. Bxc8 Qxc8 24. Qe4 Qh3 25. Qg2 Qxg2+ 26. Kxg2 Bg7 27. Bc3 b5 28.
Ba5 Rd7 29. e4 b4 30. Rf1 f5 31. f3 Rf8 32. Ra1 Rdf7 33. exf5 Rxf5 34. Rae1 Kg8 35. Re4 Kf7 36. Rf2 Ke7 37. Re3 Kd7 38. Kf1 h5 39.
Ke2 Bh6 40. Re4 Ra8 41. f4 exf4 42. gxf4 Re8 43. Rxe8 Kxe8 44. Ke3 Kd7 45. Ke4 Rf7 46. f5 Re7+ 47. Kd3 Rf7 48. f6 Bc1 49. Kc2 Bh6 50. Rg2 Rxf6 51. Bb6 Rf5 52. Rxg6 Be3 53. Rg7+ 1-0

[Event "*** Titled Tuesday Blitz"]
[Site "Chess.com"]
[Date "2020.11.24"]
[Round "5"]
[White "zaur-mammadov"]
[Black "Bastiandash"]
[Result "1-0"]
[WhiteElo "2657"]
[BlackElo "2418"]
[TimeControl "180+1"]
[EndTime "11:12:50 PST"]
[Termination "zaur-mammadov won by resignation"]

1. e4 c6 2. Nc3 d5 3. Nf3 dxe4 4. Nxe4 Nf6 5. Qe2 Nxe4 6. Qxe4 Nd7 7. Bc4 Nf6 8. Ne5 e6 9. Qe2 Qc7 10. O-O c5 11. d3 a6 12. a4 b6 13. Re1 Be7 14.
Bf4 Bd6 15. Bg5 Bxe5 16. Qxe5 Qxe5 17. Rxe5 Nd7 18. Re3 h6 19. Bf4 Bb7 20. Bd6 Rc8 21. Rae1 Rc6 22. Bg3 O-O 23. h3 Nf6 24. Be5 Nd7 25.
Bc3 Kh7 26. Rg3 g6 27. h4 h5 28. Rg5 Rd6 29. Re3 Ra8 30. b3 Bc6 31. b4 cxb4 32. Bxb4 Nc5 33. a5 Rd4 34. axb6 Na4 35. Ra5 Rxh4 36. b7 Bxb7 37. Rxa4 Rg4 38. f3 a5 39. Bc3 Rg5 40. Bd4 Rf5 41. Bc3 Rc8 42. Rxa5 Bd5 43.
Ra4 Rf4 44. Bd2 Bxc4 45. dxc4 Rfxc4 46. Rxc4 Rxc4 47. c3 Kg7 48. Kf2 Rc5 49. Ke2 Rc8 50. Rd3 Kf6 51. Rd4 Ke7 52. c4 f6 53. Bb4+ Ke8 54. c5 e5 55. Rd6 Kf7 56. Kd3 Rc7 57.
Kc4 g5 58. c6 h4 59. Rd7+ 1-0

[Event "*** Titled Tuesday Blitz"]
[Site "Chess.com"]
[Date "2020.11.24"]
[Round "5"]
[White "HrvojeZagreb"]
[Black "verdest"]
[Result "0-1"]
[WhiteElo "2267"]
[BlackElo "2623"]
[TimeControl "180+1"]
[EndTime "11:12:51 PST"]
[Termination "verdest won by resignation"]

1. d4 Nf6 2. Bf4 e6 3. e3 b6 4. Be2 Bb7 5. Bf3 d5 6. c4 Nbd7 7. Nc3 Bb4 8. Ne2 O-O 9. a3 Be7 10. g4 Ne4 11. h4 Bxh4 12. Bxe4 dxe4 13. Bg3 Bxg3 14. Nxg3 c5 15. Ncxe4 cxd4 16. exd4 Nf6 17. Qd3 Nxe4 18. Nxe4 f5 19. Ng3 Bxh1 20. Nxh1 Qg5 21. Ng3 Rad8 22. gxf5 exf5 23. Kf1 f4 24. Ne4 Qh5 25.
Rd1 Rde8 26. f3 Qh1+ 27. Ke2 Qg2+ 28. Ke1 Rf5 29. Qe2 Qg1+ 30. Kd2 Qxd4+ 31. Kc2 Qe3 32.
Qxe3 fxe3 33. Nd6 e2 34. Re1 Rfe5 35. Nxe8 Rxe8 36. Kd3 Kf7 37. Rxe2 Rxe2 38. Kxe2 Ke6 39. b3 Ke5 40. Ke3 h5 41. b4 g5 42. a4 h4 43. Kf2 Kd4 44. c5 bxc5 45. b5 c4 46. a5 Kc5 47. b6 axb6 48. a6 Kc6 49. f4 gxf4 50. Kf3 b5 51. Kxf4 Kb6 52. Kg4 Kxa6 53. Kxh4 c3 54. Kg3 c2 55. Kf2 c1=Q 56. Ke2 b4 57. Kf2 b3 58. Ke2 b2 59. Kd3 b1=Q+ 60. Kd4 Qd2+ 0-1

[Event "*** Titled Tuesday Blitz"]
[Site "Chess.com"]
[Date "2020.11.24"]
[Round "5"]
[White "margarita_2703"]
[Black "Bathory44"]
[Result "0-1"]
[WhiteElo "2402"]
[BlackElo "2561"]
[TimeControl "180+1"]
[EndTime "11:12:51 PST"]
[Termination "Bathory44 won by resignation"]

1. Nf3 Nf6 2. d4 g6 3. c4 Bg7 4. Nc3 O-O 5. e4 d6 6. Be2 e5 7. O-O Nc6 8. d5 Ne7 9. b4 a5 10. Ba3 axb4 11. Bxb4 b6 12. a4 Ne8 13. a5 c5 14.
dxc6 Nxc6 15. Ba3 bxa5 16. Nb5 Nd4 17. Nfxd4 exd4 18. Nxd4 Qb6 19. c5 dxc5 20. Rb1 Qc7 21.
Nb5 Qe5 22. Rc1 Nf6 23. Rxc5 Qf4 24. Bf3 Bg4 25. e5 Bxf3 26. Qxf3 Qxf3 27. gxf3 Nh5 28.
e6 fxe6 29. Nc7 Rac8 30. Nxe6 Rxc5 31. Bxc5 Rf5 32. Be3 a4 33. Nxg7 Nxg7 34. Ra1 Ra5 35. Kf1 Nf5 36. Ke2 Kf7 37. Kd3 Ke6 38. Bb6 Ra6 39. Be3 Kd5 40. Ra3 Nd6 41. Kc2 Nc4 42. Ra1 Nxe3+ 43. fxe3 Kc4 44. Kb2 Kd3 45. Ra3+ Ke2 46.
e4 g5 47. e5 Re6 48. Rxa4 Rxe5 49. Ra7 h5 50. Rh7 h4 51. Rf7 Re3 52. Rf5 Rxf3 53.
Rxg5 Rf2 54. Rh5 Rxh2 55. Kc2 h3 56. Rh4 Rh1 57. Kc3 Kf3 58. Kd3 h2 59. Kc2 Ra1 60. Kb2 h1=Q 0-1

[Event "*** Titled Tuesday Blitz"]
[Site "Chess.com"]
[Date "2020.11.24"]
[Round "5"]
[White "Ajedrez_con_German"]
[Black "anemih"]
[Result "1/2-1/2"]
[WhiteElo "2497"]
[BlackElo "2351"]
[TimeControl "180+1"]
[EndTime "11:12:51 PST"]
[Termination "Game drawn by repetition"]

1. Nf3 d5 2. e3 Nf6 3. b3 c5 4. Bb2 Nc6 5. Bb5 Bd7 6. O-O a6 7. Bxc6 Bxc6 8. Ne5 e6 9. Nxc6 bxc6 10. d3 Be7 11.
Nd2 O-O 12. Nf3 Nd7 13. Ne5 Nxe5 14. Bxe5 Bf6 15. Bxf6 Qxf6 16. c4 Rfb8 17. Qc2 a5 18. cxd5 cxd5 19. Qxc5 a4 20. Rab1 axb3 21. axb3 h5 22. d4 h4 23. h3 g5 24. b4 Rc8 25.
Qd6 Rc2 26. Rbc1 Rb2 27. Rb1 Rc2 28. Qe5 Qxe5 29. dxe5 Raa2 30. b5 Rab2 31. Rxb2 Rxb2 32. Rd1 Rxb5 33. Rd4 Kg7 34. Rg4 f6 35. f4 Rb1+ 36. Kf2 Kg6 37. exf6 Kxf6 38. Rxg5 Rb2+ 39. Kf3 Rb3 40. Kf2 Rb2+ 41. Kf3 Rb3 42. Rh5 d4 43.
Rxh4 Rxe3+ 44. Kf2 Kf5 45. g3 Ra3 46. Rh5+ Ke4 47.
Re5+ Kd3 48. Rxe6 Kd2 49. h4 d3 50. h5 Kd1 51. Kf3 d2+ 52. Kg4 Rd3 53. Ra6 Ke2 54. Ra1 Kf2 55. h6 Rxg3+ 56. Kf5 Rh3 57. Kg6 Rg3+ 58.
Kf6 Rf3 59. f5 Rh3 60. Kg7 Rg3+ 61. Kf6 Rh3 62. Kg7 Rg3+ 63. Kf6 Rh3 1/2-1/2

[Event "*** Titled Tuesday Blitz"]
[Site "Chess.com"]
[Date "2020.11.24"]
[Round "5"]
[White "shriyanasmallya"]
[Black "LaPorfia"]
[Result "0-1"]
[WhiteElo "1677"]
[BlackElo "2297"]
[TimeControl "180+1"]
[EndTime "11:12:52 PST"]
[Termination "LaPorfia won by checkmate"]

1. e4 d5 2. exd5 Nf6 3. Nc3 Nxd5 4. d4 g6 5. Nf3 Bg7 6. Bc4 Be6 7. Nxd5 Bxd5 8. Bxd5 Qxd5 9. O-O O-O 10. Be3 Nd7 11. b3 Rac8 12. c4 Qh5 13. h3 c5 14. Rc1 a6 15. d5 Ne5 16. Nxe5 Qxd1 17. Rcxd1 Bxe5 18. f4 Bd6 19. f5 Rc7 20. Bh6 Rb8 21. fxg6 hxg6 22.
Rf3 f6 23. Bf4 Bxf4 24. Rxf4 b5 25. d6 Rd7 26. cxb5 axb5 27. Rg4 Kf7 28. Rh4 Kg7 29. Rd5 exd6 30. Re4 Kf7 31. Rh4 Kg7 32. Re4 Ra8 33.
Re2 Kf7 34. Red2 Ra6 35. Rxc5 dxc5 36. Rxd7+ Ke6 37. Rd2 c4 38. Kf2 c3 39. Re2+ Kd5 40. Rc2 Kd4 41. Kf3 b4 42. Ke2 Re6+ 43. Kf3 Kd3 44.
Rc1 Kd2 45. Rf1 c2 46. Rf2+ Kc3 47. Rf1 Kb2 48. a4 bxa3 49. b4 a2 50. b5 c1=Q 51.
Rxc1 Kxc1 52. g3 a1=Q 53. b6 Qa3+ 54. Kf4 Qe3+ 55. Kg4 Re4# 0-1

[Event "*** Titled Tuesday Blitz"]
[Site "Chess.com"]
[Date "2020.11.24"]
[Round "5"]
[White "Evgeny81"]
[Black "SARGISMV"]
[Result "1-0"]
[WhiteElo "2724"]
[BlackElo "2506"]
[TimeControl "180+1"]
[EndTime "11:12:53 PST"]
[Termination "Evgeny81 won by checkmate"]

1. e4 e6 2. d4 d5 3. Nc3 Bb4 4. e5 c5 5. a3 Bxc3+ 6. bxc3 Ne7 7. Qg4 O-O 8. Bd3 Nbc6 9. Nf3 f5 10. exf6 Rxf6 11.
Bg5 e5 12. Qh4 e4 13. Bxf6 gxf6 14. Qxf6 exd3 15. cxd3 cxd4 16. Nxd4 Qf8 17. Qxf8+ Kxf8 18. Nxc6 Nxc6 19. Kd2 Be6 20. Rhe1 Bf7 21. Rab1 b6 22. f4 h5 23. g3 Kg7 24. h3 Kf6 25. g4 h4 26. Re2 Rc8 27. Rbe1 Rc7 28. f5 Na5 29. Ke3 Kg5 30. Kd2 Nb3+ 31. Ke3 Rxc3 32. Kf2 Rxd3 33.
Re7 Rd2+ 34. R1e2 Rxe2+ 35. Kxe2 Kf6 36. Rxa7 d4 37. g5+ Kxf5 38. Rxf7+ Kxg5 39. Kd3 Kg6 40. Rf4 Kg5 41. Rg4+ Kh5 42. Kc4 Nd2+ 43. Kxd4 Nf3+ 44. Ke4 Ng5+ 45. Rxg5+ Kxg5 46. a4 Kf6 47. Kf4 Ke6 48. Kg4 Kd5 49. Kxh4 Kc4 50. Kg3 Kb4 51. h4 Kxa4 52.
h5 b5 53. h6 b4 54. h7 b3 55. h8=Q Ka3 56. Qa1+ Kb4 57. Qb2 Kc4 58. Kf3 Kd3 59. Qxb3+ Kd2 60. Qd5+ Ke1 61. Qd6 Kf1 62. Qd1# 1-0

[Event "*** Titled Tuesday Blitz"]
[Site "Chess.com"]
[Date "2020.11.24"]
[Round "5"]
[White "2346PL"]
[Black "keepitcool9499"]
[Result "0-1"]
[WhiteElo "2432"]
[BlackElo "2620"]
[TimeControl "180+1"]
[EndTime "11:12:53 PST"]
[Termination "keepitcool9499 won by resignation"]

1. d4 e6 2. Nc3 Nf6 3. Bf4 d5 4. e3 Be7 5. g4 O-O 6. g5 Ne8 7. h4 c5 8. Nb5 Nc6 9. dxc5 e5 10. Bg3 Bxc5 11. Nf3 Bg4 12. Be2 Bxf3 13. Bxf3 Qa5+ 14. Nc3 d4 15. Bxc6 bxc6 16. Bxe5 dxc3 17. Bxc3 Bb4 18. Bxb4 Qxb4+ 19. Qd2 Qxb2 20. O-O Nc7 21. Qd6 Ne6 22. Qxc6 Rac8 23. Qa6 Rxc2 24. Qxa7 g6 25. Qa4 Nc5 26.
Qg4 Nd3 27. Qg3 Nxf2 28. Rab1 Qxa2 29. Ra1 Qb2 30. Rab1 Qc3 31. Rxf2 Rc1+ 32. Rxc1 Qxc1+ 33. Kg2 Rd8 34. Qf3 Qc4 35. h5 gxh5 36. Qxh5 Re8 37.
Rf3 Qe2+ 38. Kg3 Qe1+ 39. Kg2 Qd2+ 40. Kg3 Qd5 41. Qg4 Re5 42. Kh4 Re4 43. Rf4 Rxe3 44. Qg1 Re2 45. Qa1 Re4 46. Qf6 Rxf4+ 47. Qxf4 Qh1+ 48. Kg3 Qg1+ 49. Kh4 Qh1+ 50. Kg3 Qe1+ 51. Kh2 Qe6 52. Kg3 Kg7 53. Kh4 Kg6 54. Kg3 Qf5 55. Qd6+ Kxg5 56. Qe7+ Qf6 57. Qc5+ Kg6 58. Qf8 Qg5+ 59.
Kf3 Qh6 60. Qg8+ Qg7 61. Qd8 Qf6+ 0-1

[Event "*** Titled Tuesday Blitz"]
[Site "Chess.com"]
[Date "2020.11.24"]
[Round "5"]
[White "Jospem"]
[Black "baki83"]
[Result "1-0"]
[WhiteElo "3058"]
[BlackElo "2742"]
[TimeControl "180+1"]
[EndTime "11:12:55 PST"]
[Termination "Jospem won on time"]

1. e4 e5 2. Nf3 Nc6 3. Bb5 a6 4. Ba4 Nf6 5. d3 Bc5 6. O-O d6 7. c3 O-O 8. h3 h6 9. Nbd2 Ba7 10. Re1 Ne7 11. d4 Ng6 12. Bc2 Nh7 13. Nf1 Ng5 14. Nxg5 hxg5 15. Be3 Qf6 16. Nh2 Qe7 17. Qf3 Nf4 18.
Rad1 g6 19. Qg3 Kg7 20. Nf3 f6 21. Nh2 Rh8 22. Ng4 Bxg4 23. Qxg4 Rh4 24. Qf3 Rah8 25.
Bxf4 Rxf4 26. Qg3 Rfh4 27. Kf1 Qe8 28. a4 Qe6 29. Bd3 g4 30. hxg4 Rxg4 31. Qf3 Rf4 32. Qg3 Qb3 33. Rd2 Qxa4 34. Ke2 g5 35. f3 exd4 36.
Rc1 c6 37. Bb1 dxc3 38. Rxc3 Qb5+ 39. Bd3 Qb6 40. Kd1 Rh1+ 41. Kc2 Qg1 42. Kb3 Bd4 43.
Rc4 Be5 44. Bc2 Rxe4 45. f4 Re3+ 46. Qxe3 Qxe3+ 47. Rd3 Qb6+ 48. Rb4 Qxb4+ 49. Kxb4 gxf4 50. Ka3 Rg1 51. Rb3 b5 52. Be4 c5 53. Ka2 b4 54.
Rd3 c4 55. Rd2 1-0

[Event "*** Titled Tuesday Blitz"]
[Site "Chess.com"]
[Date "2020.11.24"]
[Round "5"]
[White "MarcoRiehle"]
[Black "Grandmaster2B"]
[Result "0-1"]
[WhiteElo "2687"]
[BlackElo "2519"]
[TimeControl "180+1"]
[EndTime "11:12:57 PST"]
[Termination "Grandmaster2B won by checkmate"]

1. e4 c5 2. a3 d5 3. exd5 Qxd5 4. Nc3 Qd8 5. Nf3 Nf6 6. d4 Bg4 7. Bf4 cxd4 8. Qxd4 Nc6 9. Qa4 a6 10. Ne5 Qc8 11.
Bc4 Be6 12. Bxe6 Qxe6 13. O-O-O Qc8 14. Rhe1 e6 15. g4 Be7 16. g5 Nh5 17. Be3 O-O 18.
Nd7 Rd8 19. Nb6 Qc7 20. Nxa8 Rxa8 21. Qh4 g6 22. Ne4 Rc8 23. Rd2 Ne5 24. Qh3 Nd3+ 25.
Kd1 Nxe1 26. Kxe1 Qe5 27. Nf6+ Nxf6 28. gxf6 Bxf6 29. c3 Qf5 30. Qxf5 exf5 31. Rd7 b5 32. Rd6 Be5 33. Rxa6 Bxh2 34. Rb6 Bc7 35. Rc6 f4 36. Bxf4 Re8+ 37. Be3 Bf4 38. Ke2 h5 39. Kf3 Bxe3 40.
fxe3 h4 41. Rb6 Kg7 42. Rxb5 f5 43. Rd5 Kf6 44. b4 g5 45. a4 g4+ 46. Kf2 h3 47.
a5 h2 48. Rd1 Kg5 49. a6 Kh4 50. a7 Kh3 51. Rd7 g3+ 52. Kf3 h1=Q+ 53. Kf4 Qe4+ 54. Kg5 Qg4+ 55. Kf6 g2 56. Rh7+ Kg3 57. Re7 Rxe7 58. a8=Q Qg7+ 59. Kxf5 Re5# 0-1

[Event "*** Titled Tuesday Blitz"]
[Site "Chess.com"]
[Date "2020.11.24"]
[Round "5"]
[White "Fusikk"]
[Black "FMalexhdez"]
[Result "0-1"]
[WhiteElo "2493"]
[BlackElo "2295"]
[TimeControl "180+1"]
[EndTime "11:12:57 PST"]
[Termination "FMalexhdez won by resignation"]

1. e4 c5 2. Ne2 d6 3. g3 g6 4. Bg2 Nc6 5. O-O Bg7 6. c3 e6 7. Na3 Nge7 8. Nc2 O-O 9. d4 cxd4 10.
Ncxd4 d5 11. Be3 dxe4 12. Bxe4 e5 13. Nxc6 Nxc6 14. Qxd8 Rxd8 15. Rad1 Be6 16. b3 f5 17. Bg2 e4 18. c4 Ne5 19. Nf4 Bf7 20. Rxd8+ Rxd8 21. Bxa7 Ra8 22. Bd4 Rxa2 23. Bxe5 Bxe5 24. Rd1 Bxf4 25.
gxf4 Rb2 26. f3 exf3 27. Bxf3 Rxb3 28. Bd5 Bxd5 29. cxd5 Kf8 30. Kg2 Ke7 31. h4 Kd6 32.
h5 Rb5 33. hxg6 hxg6 34. Kf3 Rxd5 35. Rg1 Kc5 36. Rxg6 b5 37. Ke3 Kc4 38. Rc6+ Kb3 39. Re6 Kc4 40. Rc6+ Rc5 41. Rb6 b4 42. Kd2 Rb5 43.
Rc6+ Kd4 44. Kc2 b3+ 45. Kb2 Rb4 46. Re6 Rb5 47. Re8 Kc4 48. Rd8 Rd5 49. Rc8+ Kd3 50. Rc3+ Ke4 51. Kxb3 Kxf4 52. Kc2 Ke4 53. Rc4+ Ke3 54.
Rc3+ Ke2 55. Rc8 f4 56. Re8+ Kf2 57. Re7 f3 58. Re8 Kg2 59. Rg8+ Kf1 60. Rg5 Rxg5 0-1

[Event "*** Titled Tuesday Blitz"]
[Site "Chess.com"]
[Date "2020.11.24"]
[Round "5"]
[White "Nikolakis2014"]
[Black "sunofadawn"]
[Result "1-0"]
[WhiteElo "2719"]
[BlackElo "2494"]
[TimeControl "180+1"]
[EndTime "11:12:59 PST"]
[Termination "Nikolakis2014 won by checkmate"]

1. Nf3 Nf6 2. c4 b6 3. g3 Bb7 4. Bg2 g6 5. O-O Bg7 6. d4 O-O 7. d5 Ne4 8. Nfd2 Nc5 9. Qc2 a5 10. Nc3 d6 11. b3 c6 12. Bb2 cxd5 13. Nxd5 Bxb2 14. Qxb2 Nbd7 15. Rad1 e6 16. Nc3 Bxg2 17.
Kxg2 Qc7 18. Nde4 d5 19. cxd5 Qe5 20. Nxc5 Nxc5 21. Qd2 exd5 22. Nxd5 Rad8 23. Qd4 Qxd4 24. Rxd4 Kg7 25. Rfd1 Rd6 26. e3 Ne6 27. R4d2 Rfd8 28. e4 Nc5 29. f3 f5 30. exf5 Na6 31. Rd3 Nc5 32. R3d2 Na6 33. Rd4 Nb4 34. Nf4 Rxd4 35. Rxd4 Rxd4 36. Ne6+ Kf6 37. Nxd4 Ke5 38. fxg6 hxg6 39.
Nb5 Nxa2 40. h4 Nc1 41. f4+ Ke4 42. Nd6+ Kd5 43. Nc4 Kc5 44. f5 Nxb3 45. fxg6 Kxc4 46. g7 a4 47. g8=Q+ Kb4 48. Qf8+ Kc3 49. Qa3 b5 50. h5 Kc4 51. h6 Nc5 52. Qc1+ Kb4 53. Qd2+ Kb3 54. Qe3+ Kc4 55. h7 b4 56. h8=Q a3 57.
Qhd4+ Kb5 58. Qxc5+ Ka4 59. Qed4 Kb3 60. Qdxb4+ Ka2 61. Qc2+ Ka1 62. Qbb1# 1-0

[Event "*** Titled Tuesday Blitz"]
[Site "Chess.com"]
[Date "2020.11.24"]
[Round "5"]
[White "IceBelka"]
[Black "BillCoe"]
[Result "1-0"]
[WhiteElo "2324"]
[BlackElo "2067"]
[TimeControl "180+1"]
[EndTime "11:13:00 PST"]
[Termination "IceBelka won on time"]

1. e4 c5 2. Nf3 e6 3. d4 cxd4 4. Nxd4 a6 5. Bd3 Qc7 6. Qe2 d6 7. c4 Nf6 8. O-O Nc6 9. Nxc6 bxc6 10. Nc3 e5 11. Kh1 Be7 12. f3 Be6 13. Be3 O-O 14.
Rad1 d5 15. cxd5 cxd5 16. exd5 Nxd5 17. Nxd5 Bxd5 18. Bxh7+ Kxh7 19. Rxd5 Rfd8 20. Qd3+ Kg8 21. Rc1 Qb7 22. Rxd8+ Rxd8 23. Qc2 Qd5 24. a3 Bf6 25. h3 Bh4 26. Kg1 g6 27. Qe4 Qxe4 28. fxe4 Rd3 29. Ba7 Bg5 30. Rc2 Bh4 31. Kf1 Rd1+ 32. Ke2 Re1+ 33. Kd3 Rd1+ 34. Kc4 Be7 35. Be3 Re1 36. Kd3 Rd1+ 37. Rd2 Rc1 38. Rc2 Rd1+ 39. Ke2 Rd7 40. b4 Kg7 41. Rb2 Rb7 42. Bd2 f6 43. a4 g5 44. b5 axb5 45. axb5 Bc5 46. Be3 Ba3 47.
Rb3 Bd6 48. Kd3 Bc7 49. Kc4 Bd8 50. Kd5 Rd7+ 51. Kc6 Rc7+ 52. Kd6 Rc2 53. g4 Rh2 54. Bc5 Rd2+ 55. Kc6 Rc2 56. b6 Be7 57. Rb5 Re2 58. b7 Bxc5 59. Rxc5 Rb2 60. Rb5 Rc2+ 61. Kd6 Rd2+ 62.
Ke7 1-0

[Event "*** Titled Tuesday Blitz"]
[Site "Chess.com"]
[Date "2020.11.24"]
[Round "5"]
[White "albi1999"]
[Black "woodhy"]
[Result "1/2-1/2"]
[WhiteElo "2593"]
[BlackElo "2438"]
[TimeControl "180+1"]
[EndTime "11:13:01 PST"]
[Termination "Game drawn by repetition"]

1. d4 Nf6 2. c4 e6 3. Nf3 b6 4. g3 Bb7 5. Bg2 Be7 6. O-O O-O 7. Nc3 Ne4 8. Bd2 f5 9. Ne5 Nxc3 10. Bxc3 Bxg2 11.
Kxg2 d6 12. Nd3 Bf6 13. Nf4 Qe7 14. e3 Nd7 15. Qa4 Rfe8 16. Qc6 Nf8 17. e4 Qd7 18. Qxd7 Nxd7 19. Rfe1 Kf7 20. h4 e5 21. dxe5 Bxe5 22. Bxe5 Rxe5 23. exf5 Rxf5 24. Nd5 c6 25. Re7+ Kf8 26.
Rxd7 cxd5 27. cxd5 Rxd5 28. Re1 Re5 29. Rc1 Re7 30.
Rcc7 Rxd7 31. Rxd7 Rc8 32. Rxa7 Rc2 33. b4 Rb2 34. a3 d5 35. Rd7 Rb3 36. Rxd5 Rxa3 37. Rd6 Rb3 38. Rxb6 h5 39. Rb7 Kg8 40. b5 Kh7 41. b6 Kg6 42. Rb8 Kf6 43. Kf1 Rb2 44. Ke1 Kf5 45. b7 Kg6 46. Kd1 Kh7 47. Kc1 Rb6 48. Kc2 Kg6 49. Kd3 Rb1 50. f3 Kh7 51. g4 hxg4 52. fxg4 Kg6 53. Ke4 Kh7 54. Ke5 Kg6 55.
h5+ Kh7 56. g5 g6 57. h6 Rb6 58. Kd5 Rd6+ 59. Kc4 Rc6+ 60. Kd3 Rd6+ 61. Ke4 Re6+ 62. Kf4 Re4+ 63. Kf3 Re3+ 64. Kf2 Re2+ 65. Kf1 Re1+ 66. Kg2 Re2+ 67. Kf3 Re3+ 68. Kf4 Re4+ 69. Kf3 Re3+ 1/2-1/2

[Event "*** Titled Tuesday Blitz"]
[Site "Chess.com"]
[Date "2020.11.24"]
[Round "5"]
[White "frequentblunders"]
[Black "svilson23"]
[Result "1/2-1/2"]
[WhiteElo "2052"]
[BlackElo "2241"]
[TimeControl "180+1"]
[EndTime "11:13:01 PST"]
[Termination "Game drawn - insufficient material"]

1. e4 c5 2. c3 d5 3. exd5 Nf6 4. Nf3 Nxd5 5. d4 Nc6 6. Bb5 Bg4 7. O-O cxd4 8. Qa4 Bd7 9. Nxd4 Nxd4 10. Bxd7+ Qxd7 11. Qxd7+ Kxd7 12. cxd4 Nb4 13. Nc3 e6 14. Bf4 Bd6 15.
Bxd6 Kxd6 16. Rfd1 Rac8 17. Nb5+ Kd5 18. Nxa7 Rc2 19. a3 Na6 20. b4 Nc7 21. Rac1 Rxc1 22.
Rxc1 Kd6 23. a4 Ra8 24. Nb5+ Nxb5 25. axb5 Ra4 26. Rb1 Kd5 27. g3 b6 28. Kg2 Kxd4 29.
Rd1+ Kc4 30. Rd7 Rxb4 31. Rxf7 Rxb5 32. Rxg7 h5 33. Re7 e5 34. Kf3 Kd4 35. Rd7+ Rd5 36. Rb7 b5 37. h4 Kc3 38. Ke4 Rc5 39. Kf5 b4 40. Kg6 b3 41. Kxh5 b2 42. Kg6 Kc2 43.
h5 b1=Q 44. Rxb1 Kxb1 45. h6 Kc2 46. h7 Rc8 47. g4 Kd3 48. g5 Ke4 49. Kf6 Rc6+ 50.
Kf7 Rc7+ 51. Kg8 Kf5 52. h8=Q Rc8+ 53. Kg7 Rxh8 54. Kxh8 Kxg5 55. Kg7 e4 56. Kf7 Kf5 57. Ke7 Ke5 58. Kf7 Kf4 59. Kf6 Kf3 60. Ke5 Kxf2 61.
Kxe4 1/2-1/2

[Event "*** Titled Tuesday Blitz"]
[Site "Chess.com"]
[Date "2020.11.24"]
[Round "5"]
[White "NotFischer"]
[Black "mortngabriel"]
[Result "0-1"]
[WhiteElo "2143"]
[BlackElo "2351"]
[TimeControl "180+1"]
[EndTime "11:13:02 PST"]
[Termination "mortngabriel won on time"]

1. d4 Nf6 2. Bf4 g6 3. Nc3 d5 4. e3 a6 5. Be2 c5 6. Nf3 Bg7 7. Ne5 O-O 8. h4 Qb6 9. Rb1 cxd4 10. exd4 Nc6 11. Na4 Qxd4 12. Nxc6 Qxd1+ 13. Bxd1 bxc6 14.
Nb6 Ra7 15. a4 Nd7 16. Nxc8 Rxc8 17. Bg4 f5 18. Be2 e5 19. Be3 d4 20. Bd2 Nf6 21. a5 Ne4 22. Bc4+ Kf8 23. Bc1 Nd6 24. Be2 c5 25. h5 c4 26. hxg6 hxg6 27. Bh6 Bxh6 28. Rxh6 Kg7 29. Rh4 Rb7 30. b3 cxb3 31. Rxb3 Rxc2 32.
Rxb7+ Nxb7 33. Bxa6 Nxa5 34. Bd3 Rc3 35. Be2 e4 36.
Kd2 Nb3+ 37. Ke1 d3 38. Bd1 Nd4 39. g4 Ra3 40. gxf5 gxf5 41. Rh3 Ra1 42. Rg3+ Kf6 43.
Kd2 Ra2+ 44. Ke3 Ke5 45. Rg5 Nc2+ 46. Kd2 Kf4 47. Rh5 Nd4+ 48. Ke1 d2+ 49. Kf1 Ra1 50.
Rh4+ Kg5 51. Rh5+ Kf4 52. Rh4+ Ke5 53. Kg2 Rxd1 0-1

[Event "*** Titled Tuesday Blitz"]
[Site "Chess.com"]
[Date "2020.11.24"]
[Round "5"]
[White "serhanberat_ozdemir"]
[Black "HouseOfDurin"]
[Result "1-0"]
[WhiteElo "2341"]
[BlackElo "2131"]
[TimeControl "180+1"]
[EndTime "11:13:02 PST"]
[Termination "serhanberat_ozdemir won by checkmate"]

1. e4 c5 2. Nf3 Nc6 3. Bb5 g6 4. Bxc6 dxc6 5. O-O Bg7 6. d3 h6 7. Nbd2 e5 8. a3 a5 9. a4 Ne7 10. Nc4 Qc7 11. b3 Be6 12. Be3 b6 13. Nfd2 f5 14.
f4 O-O-O 15. fxe5 Bxc4 16. Nxc4 Bxe5 17. Nxe5 Qxe5 18. Bf4 Qd4+ 19. Kh1 fxe4 20. Qg4+ Qd7 21. Qxd7+ Rxd7 22. dxe4 g5 23. Be5 Re8 24. Bc3 Ng6 25.
Rae1 Rde7 26. Rf6 Re6 27. Rxe6 Rxe6 28. g3 Kc7 29. Kg2 Ne5 30. Bxe5+ Rxe5 31. Kf3 c4 32. Ke3 cxb3 33. cxb3 b5 34. Rf1 Re6 35. axb5 cxb5 36. Kd4 Kb6 37. e5 Kc6 38. Rf8 a4 39. bxa4 bxa4 40. Ra8 Kb5 41. Rb8+ Kc6 42. Ra8 Kb5 43. Kd5 Rg6 44. e6 Rg7 45. Kd6 Kb4 46. e7 Rg6+ 47. Kd7 Rg7 48. Kd8 Rxe7 49. Kxe7 a3 50. Ra6 h5 51.
Kf6 h4 52. Kxg5 hxg3 53. hxg3 Kb3 54. Rxa3+ Kxa3 55. Kf6 Kb4 56. g4 Kc5 57. g5 Kd6 58. g6 Kd7 59. g7 Kd6 60. g8=Q Kc5 61. Qe6 Kd4 62. Qe5+ Kc4 63. Kf5 Kd3 64. Kf4 Kc4 65. Ke4 Kb3 66. Qc5 Kb2 67. Kd3 Kb3 68. Qb5+ Ka2 69.
Kc3 Ka1 70. Qb2# 1-0

[Event "*** Titled Tuesday Blitz"]
[Site "Chess.com"]
[Date "2020.11.24"]
[Round "5"]
[White "Fh2411"]
[Black "ChessQueen"]
[Result "1-0"]
[WhiteElo "2552"]
[BlackElo "2733"]
[TimeControl "180+1"]
[EndTime "11:13:03 PST"]
[Termination "Fh2411 won by resignation"]

1. d4 Nf6 2. Nf3 b6 3. g3 Bb7 4. Bg2 g6 5. O-O Bg7 6. a4 O-O 7. a5 c5 8. axb6 axb6 9. Rxa8 Bxa8 10. c3 d6 11. Na3 Nbd7 12. Bg5 Bc6 13. Nd2 Bxg2 14.
Kxg2 Qa8+ 15. Nf3 Rb8 16. Nb5 Qa2 17. Qc2 Qd5 18. c4 Qe4 19. Qxe4 Nxe4 20. Bxe7 Re8 21. Bxd6 Nxd6 22. Nxd6 Rxe2 23. Re1 Rxe1 24. Nxe1 Bxd4 25.
b3 f5 26. Nd3 Kf8 27. h3 Ke7 28. Nb5 Ba1 29. Kf3 Nf6 30. Nf4 Kd7 31. Nd5 Nxd5 32. cxd5 Be5 33. g4 Ke7 34. gxf5 gxf5 35. Ke3 Kd7 36.
f4 Bb8 37. Kf3 Ke7 38. Kg3 Kf6 39. Kf3 Ke7 40. Kg3 Kd7 41. Kf3 Kc8 42. Kg3 Kb7 43.
Na3 Ka6 44. Nc4 b5 45. Ne3 Ka5 46. Nxf5 c4 47. bxc4 bxc4 48. d6 c3 49. d7 Bc7 50.
Nd4 Kb4 51. Kf3 Kc4 52. Ke4 Kc5 53. Kd3 Kd6 54. Kxc3 Kxd7 55. f5 Ke7 56. Kd3 Kf6 57. Ke4 Bb6 58. Nf3 Bc7 59. Nd4 Bd6 60. Ne6 Bb8 61. Nf8 h5 62. Nd7+ 1-0

[Event "*** Titled Tuesday Blitz"]
[Site "Chess.com"]
[Date "2020.11.24"]
[Round "5"]
[White "LPSupi"]
[Black "LiderChessAcademy"]
[Result "1-0"]
[WhiteElo "2925"]
[BlackElo "2549"]
[TimeControl "180+1"]
[EndTime "11:13:03 PST"]
[Termination "LPSupi won on time"]

1. c4 c5 2. g3 Nc6 3. Bg2 g6 4.
Nc3 Bg7 5. b3 e5 6. e3 Nge7 7.
Nge2 O-O 8. O-O d6 9. d3 Be6 10. Nd5 e4 11. Rb1 Nxd5 12. cxd5 Bxd5 13. Nf4 Be6 14. Nxe6 fxe6 15. Bxe4 d5 16. Bg2 Qa5 17.
a3 Rac8 18. Qe2 Rfe8 19. h4 Qd8 20. Bd2 Qd6 21. b4 b6 22. Rfc1 Ne5 23. bxc5 bxc5 24. f4 Nd7 25. e4 c4 26. dxc4 dxe4 27. Bxe4 Qd4+ 28. Kg2 Nc5 29. Bf3 Qd3 30. Qxd3 Nxd3 31. Rc2 Red8 32. Be3 Nc5 33. Rb5 Bd4 34. Bd2 Rc7 35. Ba5 Rdd7 36. Bxc7 Rxc7 37. Rd2 Bf6 38. Rd6 Be7 39. Rc6 Rxc6 40. Bxc6 Kf7 41. Bf3 Bd6 42. Rb1 h6 43. Rd1 Ke7 44. Kf2 Bc7 45. Ke2 Bd6 46.
h5 gxh5 47. Bxh5 Nd7 48. Bf3 Bxa3 49. Ra1 Bc5 50. Rh1 e5 51. Rxh6 exf4 52. gxf4 Nf6 53. Rh1 a5 54. Ra1 Bb4 55. Kd3 Nd7 56. Kd4 Nc5 57.
Kd5 Nb3 58. Rb1 a4 59. Bd1 1-0